 Dungeon Crawl Stone Soup version 0.32-a0-571-gec57dfcd37 (webtiles) character file.

Game seed: 7761628670104067027

82005 CougarLife the Devastator (level 15, -3/90 HPs)
             Began as a Gargoyle Earth Elementalist on Mar 1, 2024.
             Was a High Priest of Vehumet.
             Slain by a sun demon (18 damage)
             ... summoned by an orc sorcerer
             ... on level 2 of the Orcish Mines.
             The game lasted 00:40:36 (24900 turns).

CougarLife the Devastator (GrEE)                   Turns: 24900, Time: 00:40:37

Health: -3/90      AC: 31    Str: 16    XL:     15   Next: 72%
Magic:  22/33      EV: 16    Int: 22    God:    Vehumet [*****.]
Gold:   967        SH:  0    Dex: 12    Spells: 27/42 levels left

rFire   . . .        s - +5 morningstar of Fufuiroy {freeze, rPois Will++ Int+4}
rCold   . . .        (no shield)
rNeg    + + +        E - +0 acid dragon scales
rPois   ∞            V - +1 helmet
rElec   +            r - +1 cloak of Solemn Contentment {Str+4}
rCorr   +            R - +0 pair of gloves
SInv    .            D - +0 pair of boots
Will    +++..        W - amulet of Luruicil {RegenMP rN+++ RegenMP+ rCorr Int-5 Dex+2}
Stlth   ++           m - +5 ring of evasion
HPRegen 0.35/turn    y - +4 ring of protection
MPRegen 0.63/turn

%: no passive effects
@: flying, very slightly contaminated
A: sickness immunity, AC +11, big wings, negative energy resistance 1,
electricity resistance, torment resistance 1, petrification resistance, mutation
resistance 1
a: Renounce Religion


You were on level 2 of the Orcish Mines.
You worshipped Vehumet.
Vehumet was extremely pleased with you.
You visited 4 branches of the dungeon, and saw 20 of its levels.
You also visited: Sewer and Gauntlet.

You collected 1646 gold pieces.
You spent 679 gold pieces at shops.

Inventory:

Hand Weapons
 s - the +5 morningstar of Fufuiroy (weapon) {freeze, rPois Will++ Int+4}
   (You took it off an orc wizard on level 11 of the Dungeon)

   Int+4:     It affects your intelligence (+4).
   rPois:     It protects you from poison Will++: It greatly increases your
   willpower.
Missiles
 x - 2 throwing nets
Armour
 r - the +1 cloak of Solemn Contentment (worn) {Str+4}
   (You found it on level 3 of the Dungeon)

   Str+4:     It affects your strength (+4).
 D - a +0 pair of boots (worn)
 E - +0 acid dragon scales (worn)
 R - a +0 pair of gloves (worn)
 V - a +1 helmet (worn)
Jewellery
 m - a +5 ring of evasion (left hand)
 t - a ring of protection from fire
 w - a ring of protection from cold
 y - a +4 ring of protection (right hand)
 Q - a ring of protection from fire
 W - the amulet of Luruicil (around neck) {RegenMP rN+++ RegenMP+ rCorr Int-5 Dex+2}
   (You found it in a Gauntlet)

   [amulet of magic regeneration]

   RegenMP:   It increases your rate of magic regeneration.
   Int-5:     It affects your intelligence (-5).
   Dex+2:     It affects your dexterity (+2).
   rN+++:     It renders you almost immune to negative energy.
   rCorr:     It protects you from acid and corrosion.
   RegenMP+:  It increases your rate of magic regeneration.
Wands
 p - a wand of quicksilver (6)
 G - a wand of polymorph (4)
 U - a wand of digging (10)
Scrolls
 c - 2 scrolls of enchant armour
 e - 3 scrolls of poison
 i - 6 scrolls of teleportation
 j - a scroll of summoning
 l - 3 scrolls of noise
 n - 2 scrolls of vulnerability
 q - 2 scrolls of torment
 u - 3 scrolls of revelation
 B - 3 scrolls of amnesia
 I - 2 scrolls of silence {unknown}
 J - 2 scrolls of immolation {unknown}
 P - a scroll of fear {unknown}
 S - 4 scrolls of blinking
Potions
 a - 2 potions of might
 b - 2 potions of magic
 d - 6 potions of attraction
 f - 3 potions of berserk rage
 h - 8 potions of curing
 k - 2 potions of brilliance
 o - 7 potions of haste
 v - 2 potions of resistance
 z - 4 potions of lignification
 C - 4 potions of ambrosia
 K - 5 potions of cancellation
 L - 2 potions of heal wounds {unknown}
 M - 3 potions of enlightenment {unknown}
Miscellaneous
 F - a tin of tremorstones (2/2)


   Skills:
 + Level 9.1 Fighting
 - Level 9.0 Armour
 - Level 1.5 Dodging
 - Level 2.1 Stealth
 + Level 14.4 Spellcasting
 + Level 16.6 Conjurations
 + Level 0.9 Fire Magic
 + Level 15.4 Earth Magic


You had 27 spell levels left.
You knew the following spells:

 Your Spells              Type           Power      Damage    Failure   Level
a - Sandblast             Erth           100%       2d20      0%          1
b - Stone Arrow           Conj/Erth      100%       3d13      0%          3
c - Irradiate             Conj/Alch      25%        3d20      1%          5
d - Starburst             Conj/Fire      26%        6d8       5%          6

Your spell library contained the following spells:

 Spells                   Type           Power      Damage    Failure   Level
 Eringya's Noxious Bog    Alch           7%         4d6       85%         6
 Magic Dart               Conj           100%       1d8       0%          1
 Searing Ray              Conj           100%       2d8       0%          2
 Foxfire                  Conj/Fire      100%       2x1d9     1%          1
 Sting                    Conj/Alch      100%       1d9       1%          1
 Momentum Strike          Conj/Tloc      100%       3d10      1%          2
 Scorch                   Fire           38%        2d6       1%          2
 Passwall                 Erth           70%        N/A       1%          3
 Brom's Barrelling Bould  Conj/Erth      72%        2d9       1%          4
 Fulminant Prism          Conj/Alch      25%        3d14      1%          4
 Leda's Liquefaction      Alch/Erth      24%        N/A       1%          4
 Petrify                  Alch/Erth      49%        N/A       1%          4
 Volatile Blastmotes      Fire/Tloc      34%        2d12      3%          3
 Frozen Ramparts          Ice            30%        1d5       4%          3
 Blink                    Tloc           30%        N/A       8%          2
 Call Imp                 Summ           30%        N/A       8%          2
 Lesser Beckoning         Tloc           30%        N/A       8%          2
 Olgreb's Toxic Radiance  Alch           15%        N/A       13%         4
 Gell's Gravitas          Tloc           15%        N/A       14%         3
 Teleport Other           Tloc           15%        N/A       14%         3
 Metabolic Englaciation   Hex/Ice        7%         N/A       80%         5
 Plasma Beam              Fire/Air       8%         2x1d19    80%         6
 Dispersal                Tloc           7%         N/A       100%        6
 Ozocubu's Refrigeration  Ice            7%         4d9       100%        7
 Discord                  Hex            7%         N/A       100%        8
 Death's Door             Necr           7%         N/A       100%        9
 Fire Storm               Conj/Fire      26%        8d7       100%        9


Dungeon Overview and Level Annotations

Branches:
Dungeon (12/15)            Temple (1/1) D:6            Lair (5/5) D:10
  Swamp (0/4) Lair:2        Snake (0/4) Lair:3        Slime (0/5) Lair:5
    Orc (2/2) D:12            Elf (0/3) Orc:2         Sewer (visited)
Gauntlet (visited)

Altars:
Ashenzari
Cheibriados
Dithmenos
Elyvilon
Fedhas
Gozag
Hepliaklqana
Kikubaaqudgha
Makhleb
Nemelex Xobeh
Okawaru
Qazlal
Ru
Sif Muna
Trog
Uskayaw
Vehumet
Wu Jian
Xom
Yredelemnul
Zin
The Shining One
Jiyva

Shops:
D:1 (   D:4 *   D:8 ?   D:12 *   Orc:2 [

Annotations:
D:8 2 transporters, retardedninja's ghost, novice MDFi


Innate Abilities, Weirdness & Mutations

You are immune to sickness and miasma.
Your stone body is resilient. (AC +11)
You are immune to poison.
Your large and strong wings let you fly.
You resist negative energy. (rN+)
You are resistant to electric shocks. (rElec)
You are resistant to unholy torment.
You are immune to petrification.
You are somewhat resistant to further mutation.


Message History

Casting: Starburst (dangerous; 5% risk of failure)
Confirm with . or Enter, or press ? or * to list all spells.
Casting: Starburst (dangerous; 5% risk of failure)
Press: ? - help, Dir - look around, f - activate The bolt of fire hits the orc!!
You kill the orc!
Vehumet accepts your kill.
You feel your power returning.
The bolt of fire hits the sun demon.
The sun demon completely resists.
The bolt of fire hits the orc warrior!!!
You kill the orc warrior!
Vehumet accepts your kill.
You feel your power returning.
The bolt of fire hits the smoke demon.
The smoke demon resists.
The smoke demon is lightly wounded.
The bolt of fire misses the orc priest.
The smoke demon disappears in a puff of smoke!
The sun demon attacks as it pursues you!
The sun demon closely misses you.
The orc priest calls down the wrath of Beogh upon you.
Beogh smites you!
Casting: Starburst (dangerous; 5% risk of failure)
Confirm with . or Enter, or press ? or * to list all spells.
Casting: Starburst (dangerous; 5% risk of failure)
Press: ? - help, Dir - look around, f - activate
Okay, then.
The orc sorcerer casts a spell at you.
The bolt of negative energy hits the sun demon.
The sun demon completely resists.
The bolt of negative energy hits you but does no damage.
You resist.
The sun demon attacks as it pursues you!
The sun demon hits you.
You are engulfed in flames!
The orc sorcerer no longer looks unusually strong.
The orc warlord roars a battlecry!
The orc sorcerer goes into a battle-frenzy!
The sun demon hits you!!
* * * LOW HITPOINT WARNING * * *
You are engulfed in flames!!
You die...

.#.#...########................#
##..#.##*#.##..........#.#....##
#....## *.............####...##
.....#***#........#....# *#.##
.....#,**###.#........## *##
....#...# #####.....## ###
.#.....## ##...##### ##.##
#.......# #...###..#####...#
,.......#* ##@###....##.#...#
*........** ##.3..#...##.....##
,........,* #...o......#......##
,....#.#,** ##.o#...#.#........#
,,,,,,,,,,* ####...$......##..##
,,,,,,,,,,**##.#..)............#
,,,,,,,,,,,*#.....o...#..#....##
,,,,,,,,,,,*##...oO...........###
,,,,,,,,,,,,,##...)#...........#.


You could see an orc warlord (strong), a two-headed ogre, a sun demon
(summoned), an orc sorcerer (strong) and an orc warrior (strong).

Vanquished Creatures
  Jorgrun (D:12)
  An orc warlord (Orc:2)
  A minotaur (Gauntlet)
  An ettin (Orc:2)
  The ghost of yleetSyT the Slicer, a journeyman CoAr of Hepliaklqana (D:12)
  Erolcha (D:10)
  3 hydras
  A great orb of eyes (Gauntlet)
  An ogre mage (Orc:2)
  2 catoblepae
  A boulder beetle (D:8)
  9 death yaks
  5 two-headed ogres
  The ghost of bjtr the Geomancer, a journeyman GrEE of Hepliaklqana (D:11)
  2 orc high priests
  A skeletal warrior (D:8)
  An arcanist (Gauntlet)
  2 orc knights (Orc:2)
  Pikel (D:7)
  A wolf spider (Lair:5)
  2 ugly things
  4 orc sorcerers
  A manticore (D:8)
  A cyclops (D:11)
  A salamander (Lair:3)
  Maurice (Orc:1)
  An oklob plant (Lair:4)
  3 meliai (Lair:3)
  2 kobold blastminers (Orc:1)
  8 black mambas
  Joseph (D:10)
  A guardian serpent (Lair:5)
  17 elephants
  2 gargoyles
  An ice statue (Gauntlet)
  17 cane toads
  3 torpor snails
  3 rime drakes
  An unseen horror (D:11)
  9 komodo dragons
  A tengu conjurer (D:8)
  Psyche (D:8)
  6 trolls
  2 polar bears
  18 blink frogs
  A queen bee (Lair:3)
  6 hornets
  A glass eye (D:10)
  6 dream sheep (Lair:5)
  9 slime creatures (D:12)
  57 yaks
  4 wraiths
  18 wyverns
  6 steam dragons
  4 basilisks
  3 wargs
  A redback (Lair:5)
  Edmund (D:6)
  3 nagas (Lair:3)
  3 acid dragons
  Menkaure (D:4)
  Duvessa (D:7)
  3 black bears
  21 orc warriors
  21 water moccasins
  4 ogres
  8 wolves
  4 boggarts (Lair:5)
  5 centaurs
  3 lemures (D:7)
  17 bullfrogs
  2 kobold brigands
  3 gnoll sergeants
  2 scorpions
  6 wights (D:8)
  Dowan (D:7)
  38 killer bees
  3 electric eels (D:10)
  5 howler monkeys
  10 orc priests
  6 hounds
  2 bombardier beetles
  3 jellies
  Crazy Yiuf (D:7)
  A sleepcap (D:2)
  A gnoll bouda (D:5)
  3 iguanas
  Natasha (thrice) (D:2)
  16 orc wizards
  A hell rat (Sewer)
  8 gnolls
  7 adders
  8 river rats
  3 shadow imps (Gauntlet)
  2 white imps
  2 ribbon worms (D:2)
  4 dart slugs
  46 orcs
  9 ball pythons
  6 bats
  10 endoplasms
  2 giant cockroaches (D:5)
  7 goblins
  11 hobgoblins
  12 jackals
  4 quokkas
  3 frilled lizards
  16 kobolds
  8 rats
630 creatures vanquished.

Notes
Turn   | Place    | Note
-------+----------+-------------------------------------------
     0 | D:1      | CougarLife the Gargoyle Earth Elementalist began the quest
                  | for the Orb.
     0 | D:1      | Reached XP level 1. HP: 10/10 MP: 3/3
   122 | D:1      | Found Petiedgh's Weapon Shop.
   140 | D:1      | Reached XP level 2. HP: 15/15 MP: 0/5
   404 | D:1      | Reached XP level 3. HP: 17/19 MP: 1/6
   405 | D:1      | Reached skill level 2 in Conjurations
   824 | D:2      | Noticed Natasha
   824 | D:2      | Noticed a black bear
   905 | D:1      | Killed a black bear
   906 | D:1      | Reached skill level 3 in Conjurations
   906 | D:1      | Reached XP level 4. HP: 2/24 MP: 0/8
   906 | D:1      | Reached XP level 5. HP: 2/28 MP: 0/9
  1015 | D:1      | Learned a level 3 spell: Stone Arrow
  1018 | D:2      | Killed Natasha
  1019 | D:2      | Reached skill level 5 in Earth Magic
  1315 | D:2      | Found a faded altar of an unknown god.
  1327 | D:2      | Noticed Natasha
  1328 | D:2      | Killed Natasha
  1329 | D:2      | Reached XP level 6. HP: 32/32 MP: 9/11
  1937 | D:2      | Noticed Natasha
  1942 | D:2      | Killed Natasha
  2333 | D:3      | Reached skill level 4 in Conjurations
  2551 | D:3      | Identified the +1 cloak of Solemn Contentment {Str+4}
  2747 | D:4      | Noticed a black bear
  2752 | D:3      | Killed a black bear
  2815 | D:4      | Noticed Menkaure
  2821 | D:4      | Killed Menkaure
  2822 | D:4      | Reached XP level 7. HP: 36/36 MP: 9/13
  3030 | D:4      | Found a hide-covered altar of Uskayaw.
  3073 | D:4      | Found an ancient bone altar of Kikubaaqudgha.
  3126 | D:4      | Found Ofuosch's Lightly-Used Armoury.
  3161 | D:4      | Found a hazy altar of Hepliaklqana.
  3192 | D:4      | Reached skill level 5 in Conjurations
  3239 | D:4      | Found a shadowy altar of Dithmenos.
  3771 | D:5      | Entered Level 5 of the Dungeon
  3774 | D:5      | Reached skill level 5 in Spellcasting
  3998 | D:5      | Reached XP level 8. HP: 36/41 MP: 10/15
  4060 | D:5      | Found a glowing drain.
  4068 | Sewer    | Entered a sewer
  4226 | Sewer    | Identified the +0 chain mail of Fapo {rCorr}
  4267 | D:5      | Found a white marble altar of Elyvilon.
  4433 | D:5      | Reached skill level 6 in Conjurations
  5370 | D:6      | Noticed Edmund
  5378 | D:6      | Killed Edmund
  5379 | D:6      | Reached skill level 7 in Conjurations
  5379 | D:6      | Reached XP level 9. HP: 45/45 MP: 1/18
  5541 | D:6      | Found a staircase to the Ecumenical Temple.
  5577 | D:6      | Found a glowing silver altar of Zin.
  5614 | Temple   | Entered the Ecumenical Temple
  5731 | D:6      | Found a radiant altar of Vehumet.
  5939 | D:6      | Became a worshipper of Vehumet
  5974 | D:6      | Found a bloodstained altar of Trog.
  6183 | D:7      | Found a runed translucent door.
  6184 | D:7      | Noticed Crazy Yiuf
  6206 | D:7      | Noticed Pikel
  6227 | D:7      | Killed Pikel
  6608 | D:7      | Reached skill level 8 in Conjurations
  7035 | D:7      | Noticed Duvessa
  7037 | D:7      | Noticed Dowan
  7039 | D:7      | Killed Duvessa
  7082 | D:7      | Killed Dowan
  7353 | D:7      | Killed Crazy Yiuf
  7372 | D:7      | Identified the +7 hammer of the Equator {pain, rC++}
  7513 | D:8      | Found Coepn's Magic Scroll Boutique.
  7521 | D:8      | Bought a scroll of identify for 26 gold pieces
  7521 | D:8      | Bought a scroll of identify for 26 gold pieces
  7521 | D:8      | Bought a scroll of teleportation for 39 gold pieces
  7562 | D:8      | Reached skill level 10 in Earth Magic
  7593 | D:8      | Noticed a manticore
  7599 | D:8      | Killed a manticore
  7600 | D:8      | Reached skill level 9 in Conjurations
  7600 | D:8      | Reached XP level 10. HP: 27/50 MP: 11/21
  7662 | D:8      | Noticed a green ugly thing
  7670 | D:8      | Killed a green ugly thing
  7779 | D:8      | Noticed a skeletal warrior
  7779 | D:8      | Noticed a boulder beetle
  7790 | D:8      | Killed a skeletal warrior
  7904 | D:8      | Killed a boulder beetle
  8279 | D:8      | Reached skill level 10 in Conjurations
  8615 | D:8      | Noticed Psyche
  8634 | D:8      | Killed Psyche
  8720 | D:8      | Found a glowing golden altar of the Shining One.
  8822 | D:8      | Reached XP level 11. HP: 54/54 MP: 22/24
  8922 | D:8      | Found a transporter.
  8928 | D:8      | Found a transporter.
  8928 | D:8      | Identified the ring of Xousoni Iwoa {rPois rN+ Str+3}
  8931 | D:8      | Noticed retardedninja's ghost (novice MDFi)
  9076 | D:8      | Reached * piety under Vehumet
  9076 | D:8      | Offered knowledge of Sting by Vehumet.
  9312 | D:9      | Found a sacrificial altar of Ru.
  9529 | D:9      | Found a snail-covered altar of Cheibriados.
 10139 | D:10     | Entered Level 10 of the Dungeon
 10215 | D:10     | Reached skill level 11 in Conjurations
 10403 | D:10     | Found a staircase to the Lair.
 10457 | D:10     | Reached ** piety under Vehumet
 10457 | D:10     | Offered knowledge of Static Discharge by Vehumet.
 10633 | D:10     | Reached skill level 10 in Spellcasting
 10870 | D:10     | Noticed Joseph
 10881 | D:10     | Killed Joseph
 10882 | D:10     | Reached skill level 1 in Fighting
 10956 | D:10     | Identified the +7 sling of the Lusting Fulmar {freeze,
                  | Will+ Int+5}
 10969 | D:10     | Noticed Erolcha
 10976 | D:10     | Killed Erolcha
 11394 | D:10     | Reached XP level 12. HP: 64/64 MP: 14/26
 11401 | D:10     | Reached skill level 12 in Conjurations
 11431 | D:10     | Offered knowledge of Scorch by Vehumet.
 11964 | D:11     | Found a runed translucent door.
 11973 | D:11     | Noticed bjtr's ghost (journeyman GrEE)
 12197 | D:11     | Noticed a two-headed ogre
 12203 | D:11     | Killed a two-headed ogre
 12328 | D:11     | Identified the +5 morningstar of Fufuiroy {freeze, rPois
                  | Will++ Int+4}
 12524 | D:11     | Reached *** piety under Vehumet
 13207 | D:11     | Killed bjtr's ghost
 13208 | D:11     | Reached skill level 5 in Fighting
 13305 | Lair:1   | Entered Level 1 of the Lair of Beasts
 13897 | Lair:1   | Offered knowledge of Olgreb's Toxic Radiance by Vehumet.
 13944 | Lair:1   | Reached skill level 13 in Conjurations
 14565 | Lair:1   | Reached **** piety under Vehumet
 15023 | Lair:2   | Reached skill level 1 in Armour
 15023 | Lair:2   | Reached XP level 13. HP: 76/76 MP: 13/28
 15393 | Lair:2   | Found a staircase to the Swamp.
 15491 | Lair:2   | Offered knowledge of Irradiate by Vehumet.
 15498 | Lair:2   | Learned a level 5 spell: Irradiate
 15559 | Lair:2   | Identified the staff of Honour {rElec rF+ Int+2 Air}
 16368 | Lair:3   | Reached skill level 14 in Conjurations
 16643 | Lair:3   | Reached skill level 5 in Armour
 16646 | Lair:3   | Gained mutation: You are clumsy. (Dex -2) [mutagenic glow]
 16795 | Lair:3   | Reached ***** piety under Vehumet
 16805 | Lair:3   | Offered knowledge of Spellforged Servitor by Vehumet.
 17725 | Lair:3   | Found a staircase to the Snake Pit.
 18366 | Lair:4   | Gained mutation: Your large and strong wings let you fly.
                  | [Gargoyle growth]
 18366 | Lair:4   | Reached XP level 14. HP: 79/82 MP: 19/30
 18771 | Lair:4   | Reached skill level 15 in Conjurations
 19584 | Lair:4   | Gained mutation: Your health recovers twice as slowly from
                  | being drained. [mutagenic glow]
 19878 | Lair:5   | Entered Level 5 of the Lair of Beasts
 20085 | Lair:5   | Found a staircase to the Slime Pits.
 20086 | Lair:5   | Found a viscous altar of Jiyva.
 20099 | Lair:5   | Offered knowledge of Flame Wave by Vehumet.
 20766 | Lair:5   | Reached XP level 15. HP: 45/86 MP: 21/32
 20769 | Lair:5   | Gained mutation: Armour fits poorly on your strangely
                  | shaped body. [mutagenic glow]
 21194 | Lair:5   | Reached skill level 16 in Conjurations
 21545 | Lair:5   | Lost mutation: Armour fits poorly on your strangely shaped
                  | body. [potion of mutation]
 21545 | Lair:5   | Lost mutation: You are clumsy. (Dex -2) [potion of
                  | mutation]
 21545 | Lair:5   | Lost mutation: Your health recovers twice as slowly from
                  | being drained. [potion of mutation]
 21545 | Lair:5   | Gained mutation: You are somewhat resistant to further
                  | mutation. [potion of mutation]
 21659 | D:12     | Noticed yleetSyT's ghost (journeyman CoAr)
 21659 | D:12     | Found a runed translucent door.
 21692 | D:12     | Found a staircase to the Orcish Mines.
 21702 | D:12     | Killed yleetSyT's ghost
 22399 | D:12     | Noticed Jorgrun
 22420 | D:12     | Killed Jorgrun
 22675 | D:12     | Found Jeebboh's Fire Supplies.
 22698 | D:12     | Bought the Tome of Calefaction for 588 gold pieces
 22705 | D:12     | Learned a level 6 spell: Starburst
 22870 | Orc:1    | Entered Level 1 of the Orcish Mines
 22978 | Orc:1    | Offered knowledge of Eringya's Noxious Bog by Vehumet.
 23134 | Orc:1    | Noticed Maurice
 23140 | Orc:1    | Killed Maurice
 23341 | Orc:2    | Entered Level 2 of the Orcish Mines
 23341 | Orc:2    | Found Qinib's Antique Armour Shoppe.
 23351 | Orc:2    | Reached skill level 15 in Earth Magic
 23396 | Orc:2    | Noticed an orc warlord
 23490 | Orc:2    | Killed an orc warlord
 23846 | Orc:2    | Found a gate leading to a gauntlet.
 23861 | Gauntlet | Entered a Gauntlet
 23861 | Gauntlet | Found a transporter.
 23861 | Gauntlet | Found a transporter.
 23861 | Gauntlet | Found a transporter.
 23991 | Gauntlet | Found a transporter.
 24001 | Gauntlet | Found a transporter.
 24003 | Gauntlet | Found a transporter.
 24017 | Gauntlet | Found a transporter.
 24033 | Gauntlet | Found a transporter.
 24048 | Gauntlet | Found a transporter.
 24051 | Gauntlet | Found a transporter.
 24059 | Gauntlet | Found a transporter.
 24063 | Gauntlet | Found a transporter.
 24063 | Gauntlet | Found a runed translucent door.
 24375 | Gauntlet | Identified the amulet of Luruicil {RegenMP rN+++ RegenMP+
                  | rCorr Int-5 Dex+2}
 24442 | Gauntlet | Identified the +4 mace of the Coin {chaos, ^Drain Dex+3}
 24443 | Gauntlet | Got Ereshkigal's Lectures on Kinetic Energy and Iniquitous
                  | Ceremonies
 24885 | Orc:2    | Noticed an orc warlord
 24900 | Orc:2    | Slain by a sun demon

Illustrated notes

Levels and vault maps discovered:
D:1:      amcnicky_arrival_blooded_trapdoor, layout_rooms, serial_shops,
          nicolae_shop_bloodbath_and_beyond
D:2:      layout_loops_ring, shapermc_ecumenical_altar_venn,
          minmay_split_cup_small, uniq_natasha
D:3:      layout_loops_cross
D:4:      layout_layer_cave, kennysheep_little_box, lemuel_tele_altar,
          mainiacjoe_overflow_alcove_2, nicolae_uskayaw_dance_hall,
          minmay_shop_damaged, uniq_menkaure
D:5:      layout_basic, elyvilon_altar_3, portal_sewer_entry_b
D:6:      layout_rooms, mainiacjoe_overflow_concentric_impassable,
          mainiacjoe_overflow_alcove_4, zin_treasury, temple_hall, uniq_edmund
D:7:      kennysheep_steamy, layout_loops_ring, uniq_crazy_yiuf_cottage,
          uniq_pikel, uniq_duvessa
D:8:      layout_cave_pools, lemuel_round_altar, gammafunk_ghost_gnarly_gnolls,
          nicolae_benzene_ring, nicolae_stop_n_shop_1, minmay_shattered_shrine,
          uniq_psyche
D:9:      layout_cave_pods, mainiacjoe_overflow_24_doors,
          nicolae_overflow_crystal_walls
D:10:     layout_irregular_city, erik_lair_island, onia_ninara_cookie,
          uniq_erolcha, uniq_joseph
D:11:     layout_irregular_city, ebering_ghost_reflecting_pool,
          nicolae_figureground_sparkle
D:12:     layout_layer_cave, orc_0_dummy, hellmonk_ghost_happy_afterlife,
          nicolae_shop_fire_sale [nicolae_sub_dead_trees],
          kennysheep_generic_room_16, uniq_jorgrun
Temple:   chequers_temple_sunken
Lair:1:   layout_cave_pods, grunt_forest_large_clearings, grunt_megastairs_2,
          infiniplex_staircase_pool_2
Lair:2:   layout_cave_pods, swamp_mist, infiniplex_staircase_pool
Lair:3:   regret_index_tunnel_blossom, layout_big_grid,
          alex1729_snake_entry_snake, minmay_hedge_maze, minivault_19
Lair:4:   layout_hall_layers
Lair:5:   hangedman_lair_tendril_chambers, layout_gridlike, slime_entry_1,
          kilobyte_rumbling_trees
Orc:1:    layout_diamond_mine, uniq_maurice, uniq_gastronok
Orc:2:    grunt_orc_cross, layout_caves, serial_shops, shop,
          gauntlet_entry_generic, uniq_azrael

Skill      XL: |  1  2  3  4  5  6  7  8  9 10 11 12 13 14 15 |
---------------+----------------------------------------------+-----
Earth Magic    | 4 5 6 7 8 10 11 12 13 14 15 | 15.4
Conjurations   | 3 4 5 7 9 10 11 13 14 15 16 | 16.6
Spellcasting   | 3 4 5 6 7 9 10 11 12 13 14 | 14.4
Fighting       | 3 7 9 |  9.1
Armour         | 1 6 9 |  9.0
Dodging        | |  1.5
Stealth        | |  2.1
Fire Magic     | |  0.9

Action                     |  1- 3 |  4- 6 |  7- 9 | 10-12 | 13-15 || total
---------------------------+-------+-------+-------+-------+-------++-------
  Melee: Unarmed           |     2 |       |     2 |       |       ||     4
         Short sword       |    22 |       |       |       |       ||    22
         Dagger            |       |     1 |     5 |       |       ||     6
         Morningstar       |       |       |       |       |    20 ||    20
   Fire: Sling             |       |       |       |    32 |       ||    32
   Cast: Sandblast         |    41 |    74 |   149 |   182 |   294 ||   740
         Stone Arrow       |       |       |    32 |   163 |   173 ||   368
         Irradiate         |       |       |       |       |    62 ||    62
         Starburst         |       |       |       |       |    43 ||    43
    Use: Scroll            |       |       |    13 |     5 |     7 ||    25
         Potion            |       |       |       |       |     2 ||     2
 Armour: Robe              |    64 |    20 |    59 |       |       ||   143
         Steam dragon scal |       |       |     3 |   114 |       ||   117
         Skin              |       |       |     2 |       |       ||     2
         Acid dragon scale |       |       |       |    36 |   415 ||   451
  Dodge: Dodged            |    75 |    35 |    90 |   152 |   471 ||   823

Table legend: (Time is in decaauts)
 A = Elapsed time spent in this place.
 B = Non-inter-level travel time spent in this place.
 C = Inter-level travel time spent in this place.
 D = Time resting spent in this place.
 E = Time spent auto-exploring this place.
 F = Levels seen in this place.
 G = Mean time per level.
                   A        B        C        D        E       F      G
               +--------+--------+--------+--------+--------+-----+--------+
         Total |  25357 |  24219 |   1138 |   6814 |  12796 |  22 | 1152.6 |
       Dungeon |  14625 |  13837 |    788 |   3434 |   7936 |  12 | 1218.8 |
        Temple |      1 |      1 |      0 |      0 |      0 |   1 |    1.0 |
          Lair |   8484 |   8158 |    326 |   2396 |   4281 |   5 | 1696.8 |
  Orcish Mines |   1458 |   1435 |     23 |    721 |    277 |   2 |  729.0 |
         Sewer |    202 |    202 |      0 |     79 |     70 |   1 |  202.0 |
      Gauntlet |    584 |    584 |      0 |    184 |    231 |   1 |  584.0 |
               +--------+--------+--------+--------+--------+-----+--------+

Top non-repeatable levels by time:
  Lair:3: 2569 daAuts
    D:10: 1818 daAuts
     D:8: 1704 daAuts
  Lair:1: 1688 daAuts
  Lair:5: 1461 daAuts
    D:11: 1410 daAuts
  Lair:4: 1403 daAuts
     D:7: 1380 daAuts
  Lair:2: 1362 daAuts
    D:12: 1222 daAuts
     D:4: 1208 daAuts
     D:6: 1157 daAuts
     D:2: 1072 daAuts
     D:9: 1028 daAuts
     D:1: 957 daAuts
